 Dungeon Crawl Stone Soup version 0.25-a0-576-g50b708a4c4 (webtiles) character file.

Game seed: 6777759608514055312, levelgen mode: deterministic

25709 Flugslaktarn the Cleaver (level 12, -7/115 HPs)
             Began as a Deep Dwarf Fighter on Mar 1, 2020.
             Was a High Priest of Makhleb.
             Mangled by Frances
             ... wielding a +0 glaive
              (20 damage)
             ... on level 14 of the Dungeon.
             The game lasted 00:06:47 (9394 turns).

Flugslaktarn the Cleaver (Deep Dwarf Fighter)       Turns: 9394, Time: 00:06:48

Health: -7/115     AC:  7    Str: 26    XL:     12   Next: 91%
Magic:  15/15      EV:  7    Int: 14    God:    Makhleb [*****.]
Gold:   1121       SH:  0    Dex: 12    Spells: 11/11 levels left

rFire    . . .     SeeInvis .   O - +5 battleaxe
rCold    x . .     Gourm    +   (shield currently unavailable)
rNeg     . . .     Faith    .   B - +0 plate armour
rPois    +         Spirit   .   (helmet restricted)
rElec    +         Reflect  .   (no cloak)
rCorr    .         Harm     .   (no gloves)
MR       +....                  b - +1 pair of boots
Stlth    ..........             s - amulet of the gourmand
HPRegen  0.00/turn              p - +6 ring of protection
MPRegen  0.14/turn              v - ring of Oridats {rPois rC- AC+4 Int+6 Stlth+}

@: about to teleport, corroded, non-regenerating
A: damage resistance, heal wounds, horns 1, mutation resistance 1, sense
surroundings 2, electricity resistance, no regeneration
a: Heal Wounds, Minor Destruction, Lesser Servant of Makhleb, Major Destruction,
Greater Servant of Makhleb, Renounce Religion


You were on level 14 of the Dungeon.
You worshipped Makhleb.
Makhleb was extremely pleased with you.
You were full.

You visited 2 branches of the dungeon, and saw 15 of its levels.
You also visited: Ossuary.

You collected 1121 gold pieces.

Inventory:

Hand Weapons
 y - a +2 war axe of venom
   (You took it off an orc on level 7 of the Dungeon)
 z - a -1 executioner's axe
   (You found it on level 4 of the Dungeon)
 O - a +5 battleaxe (weapon)
   (You took it off a wight on level 10 of the Dungeon)
Armour
 b - a +1 pair of boots (worn)
   (You found it on level 5 of the Dungeon)
 B - a +0 plate armour (worn)
   (You found it on level 7 of the Dungeon)
 H - a +0 kite shield
Jewellery
 c - an uncursed ring of protection from cold
   (You took it off an orc wizard on level 8 of the Dungeon)
 f - an uncursed ring of protection from fire
   (You found it on level 9 of the Dungeon)
 m - an uncursed ring of protection from fire
   (You took it off a crimson imp on level 13 of the Dungeon)
 p - a +6 ring of protection (left hand)
   (You took it off an orc on level 7 of the Dungeon)
 s - an amulet of the gourmand (around neck)
   (You found it on level 4 of the Dungeon)
 v - the ring of Oridats (right hand) {rPois rC- AC+4 Int+6 Stlth+}
   (You found it on level 6 of the Dungeon)

   [ring of protection]

   It affects your AC (+4).
   It affects your intelligence (+6).
   It makes you vulnerable to cold.
   It protects you from poison.
   It makes you more stealthy.
 x - an uncursed amulet of faith {unknown}
   (You found it on level 12 of the Dungeon)
Wands
 C - a wand of clouds (6)
   (You found it on level 8 of the Dungeon)
 K - a wand of acid (10)
   (You found it on level 11 of the Dungeon)
Scrolls
 g - 2 scrolls of magic mapping
 h - a scroll of holy word
 k - 3 scrolls of amnesia
 n - 5 scrolls of fog
 o - a scroll of enchant armour
 r - 15 scrolls of identify
 t - 2 scrolls of teleportation
 w - 6 scrolls of remove curse
Potions
 a - 6 potions of mutation
 d - 2 potions of might
 i - 5 potions of stabbing
 j - 4 potions of curing
 l - 3 potions of brilliance {unknown}
 q - a potion of ambrosia {unknown}
 A - 2 potions of heal wounds {unknown}
 D - 3 potions of lignification {unknown}
 E - a potion of haste {unknown}
 G - a potion of experience {unknown}
 J - a potion of cancellation {unknown}
 M - 6 potions of degeneration {unknown}
 N - a potion of magic {unknown}
Comestibles
 e - 31 rations


   Skills:
 + Level 9.4 Fighting
 * Level 14.4 Axes
 + Level 11.0 Armour
 - Level 7.2 Shields
 + Level 11.6 Invocations


You had 11 spell levels left.
You didn't know any spells.
Your spell library was empty.

Dungeon Overview and Level Annotations

Branches:
Dungeon (14/15)            Temple (1/1) D:4            Lair (0/6) D:9
    Orc (0/2) D:11         Vaults (0/5) D:13        Ossuary (visited)

Altars:
Ashenzari
Cheibriados
Dithmenos
Elyvilon
Gozag
Hepliaklqana
Kikubaaqudgha
Makhleb
Nemelex Xobeh
Okawaru
Qazlal
Ru
Sif Muna
Trog
Uskayaw
Wu Jian
Xom
Yredelemnul
Zin
The Shining One

Shops:
D:11 (

Annotations:
D:14 Frances, Louise


Innate Abilities, Weirdness & Mutations

You are resistant to damage.
You can heal yourself by infusing magical energy.
You passively map the area around you.
You do not regenerate.
You have a pair of small horns on your head.
You are somewhat resistant to further mutation.
You are resistant to electric shocks. (rElec)


Message History

* * * LOW HITPOINT WARNING * * *
The ice devil hits you but does no damage.
Your magical essence is drained by the effort!
You feel much better. The rust devil barely misses you.
Frances hits you but does no damage. The hellwing hits you!
* * * LOW HITPOINT WARNING * * *
The hellwing barely misses you.
The ice devil hits you but does no damage.
Evoke which item? (* to show all) (? for menu, Esc to quit)
Okay, then.
As you read the scroll of teleportation, it crumbles to dust.
You feel strangely unstable.
Louise gibbers incoherently.
The rust devil hits you. The rust devil corrodes you! The hellwing hits you!
* * * LOW HITPOINT WARNING * * *
The hellwing hits you.
The ice devil hits you but does no damage.
A shadow imp comes into view.
Frances hits you with a +0 glaive!!
You die...

* *** #.#...............
** ,, ,
,#.#.#.############ #
#.#.#.#........... , ,
#.#.#.#.#.########## ,**
#####.#.#.#.#...........
,
.............>..........
***
####.#.#.#.#.##########
, ##.#4#.#.#.#
#..4@#...#.# * *
#..4@#####.# * * , ,
#...@5, ..# , , #....##
,.## ,, ,,....... ,, , *
* ######.. , , , ,, , ,
* ,..., , * ** , .... ,
* * * *,


You could see Frances, Louise, a hellwing, an ice devil, a rust devil and a
shadow imp.

Vanquished Creatures
  Gastronok (D:12)
  A hydra (D:11)
  2 vault guards (D:13)
  A two-headed ogre (D:6)
  An unseen horror (D:12)
  Pikel (D:9)
  A cyclops (D:11)
  2 ugly things
  2 manticores
  Psyche (D:9)
  A gargoyle (D:13)
  2 efreet
  A queen bee (D:10)
  5 trolls
  3 hippogriffs
  6 slime creatures (D:12)
  A shadow (D:13)
  Sigmund (D:4)
  A vampire (D:13)
  2 basilisks
  17 yaks
  2 hogs (D:7)
  11 humans
  5 hungry ghosts
  A water moccasin (D:7)
  A soldier ant (D:13)
  An acid dragon (D:11)
  4 orc warriors
  A slave (D:9)
  5 ice beasts
  3 sky beasts
  2 black bears (D:12)
  3 ogres
  4 phantoms
  An eye of draining (D:10)
  2 necrophages
  8 centaurs
  A big kobold (D:9)
  A crocodile (D:12)
  A gnoll sergeant (D:8)
  A wyvern zombie (D:9)
  14 bullfrogs
  7 scorpions
  A water moccasin skeleton (D:9)
  13 killer bees
  22 wights
  7 howler monkeys
  7 crimson imps
  A bullfrog zombie (D:11)
  2 centaur zombies
  7 hounds
  4 jellies
  4 bullfrog skeletons
  3 orc priests
  2 centaur skeletons
  2 iguanas
  15 orc wizards
  4 worker ants
  A big kobold zombie (Ossuary)
  2 hound zombies
  A hound skeleton (D:3)
  8 mummies (Ossuary)
  2 worker ant zombies
  6 gnolls (D:8)
  10 adders
  5 shadow imps
  3 oozes
  2 adder zombies
  A worm (D:2)
  3 leopard geckos
  41 orcs
  9 bats
  2 giant cockroaches
  A gnoll zombie (Ossuary)
  A goblin (D:1)
  A jackal (D:11)
  3 quokkas
  A hobgoblin zombie (Ossuary)
  A jackal zombie (D:8)
  4 kobolds
  A kobold zombie (Ossuary)
  4 orc zombies (Ossuary)
  A quokka skeleton (D:6)
  A rat (D:1)
341 creatures vanquished.

Vanquished Creatures (collateral kills)
  A hydra (D:12)
  An ugly thing (D:11)
  An orc warrior (D:11)
  A centaur (D:11)
  A killer bee (D:12)
  An orc wizard (D:11)
  2 jackals (D:11)
8 creatures vanquished.

Vanquished Creatures (others)
  2 slaves (D:9)
  A centaur (D:9)
  A bullfrog (D:9)
  A kobold (D:9)
  9 fungi (D:4)
14 creatures vanquished.

Grand Total: 363 creatures vanquished

Notes
Turn   | Place    | Note
-------+----------+-------------------------------------------
     0 | D:1      | Flugslaktarn the Deep Dwarf Fighter began the quest for the
                  | Orb.
     0 | D:1      | Reached XP level 1. HP: 20/20 MP: 1/1
   175 | D:2      | Reached XP level 2. HP: 22/27 MP: 2/2
   414 | D:4      | Noticed a scorpion
   418 | D:4      | Noticed a scorpion
   447 | D:4      | Killed a scorpion
   447 | D:4      | Reached skill level 3 in Axes
   447 | D:4      | Reached XP level 3. HP: 12/34 MP: 3/3
   447 | D:4      | Reached XP level 4. HP: 15/42 MP: 4/4
   471 | D:4      | Reached skill level 4 in Axes
   471 | D:4      | Reached XP level 5. HP: 7/49 MP: 5/5
   592 | D:4      | Found a snail-covered altar of Cheibriados.
   699 | D:4      | Found a staircase to the Ecumenical Temple.
   711 | D:4      | Reached XP level 6. HP: 30/56 MP: 6/6
   724 | Temple   | Entered the Ecumenical Temple
   985 | D:4      | Found a burning altar of Makhleb.
  1074 | D:4      | Noticed Sigmund
  1094 | D:4      | Killed Sigmund
  1094 | D:4      | Reached skill level 5 in Axes
  1159 | D:4      | Became a worshipper of Makhleb the Destroyer
  1553 | D:4      | Reached XP level 7. HP: 55/64 MP: 7/7
  1559 | D:4      | Reached skill level 5 in Armour
  1559 | D:4      | Reached skill level 1 in Invocations
  1608 | D:4      | Reached skill level 5 in Shields
  1649 | D:5      | Entered Level 5 of the Dungeon
  1657 | D:5      | Reached skill level 6 in Axes
  1702 | D:5      | Found a bloodstained altar of Trog.
  1703 | D:5      | Found a glowing silver altar of Zin.
  1704 | D:5      | Found a white marble altar of Elyvilon.
  1784 | D:5      | Reached * piety under Makhleb
  2065 | D:5      | Reached XP level 8. HP: 63/73 MP: 7/9
  2134 | D:6      | Got a bound silver ring
  2143 | D:6      | Noticed a two-headed ogre
  2156 | D:6      | Killed a two-headed ogre
  2156 | D:6      | Reached skill level 5 in Fighting
  2156 | D:6      | Reached skill level 7 in Axes
  2497 | D:6      | Reached skill level 8 in Axes
  2840 | D:7      | Gained mutation: You passively map the area around you.
                  | [Deep Dwarf growth]
  2840 | D:7      | Reached XP level 9. HP: 74/81 MP: 10/10
  2865 | D:7      | Identified the ring of Oridats {rPois rC- AC+4 Int+6
                  | Stlth+} (You found it on level 6 of the Dungeon)
  2985 | D:7      | Reached skill level 5 in Invocations
  3146 | D:7      | Reached skill level 9 in Axes
  3160 | D:7      | Reached ** piety under Makhleb
  3838 | D:7      | Reached XP level 10. HP: 62/91 MP: 12/12
  3937 | D:8      | Reached skill level 10 in Axes
  3956 | D:8      | Reached *** piety under Makhleb
  4488 | D:8      | Found a sand-covered staircase.
  4538 | Ossuary  | Entered an ossuary
  4819 | D:8      | Found a shadowy altar of Dithmenos.
  4935 | D:8      | Found a hazy altar of Hepliaklqana.
  5298 | D:9      | Noticed Pikel
  5307 | D:9      | Killed Pikel
  5405 | D:9      | You fall into a shaft and drop 2 floors!
  5406 | D:11     | Noticed a cyclops
  5417 | D:11     | Reached **** piety under Makhleb
  5427 | D:11     | Killed a cyclops
  5427 | D:11     | Reached skill level 11 in Axes
  5455 | D:11     | Noticed a manticore
  5465 | D:11     | Killed a manticore
  5523 | D:11     | Found Egen Qee's Weapon Emporium.
  5535 | D:10     | Entered Level 10 of the Dungeon
  5578 | D:10     | Reached XP level 11. HP: 96/100 MP: 14/14
  5722 | D:9      | Noticed Psyche
  5739 | D:9      | Killed Psyche
  6058 | D:9      | You fall into a shaft and drop 1 floor!
  6148 | D:9      | Found a staircase to the Lair.
  6359 | D:10     | Gained mutation: You are resistant to electric shocks.
                  | (rElec) [potion of mutation]
  6359 | D:10     | Gained mutation: You have a pair of small horns on your
                  | head. [potion of mutation]
  6359 | D:10     | Gained mutation: You are somewhat resistant to further
                  | mutation. [potion of mutation]
  6374 | D:10     | Reached skill level 12 in Axes
  6809 | D:10     | Reached ***** piety under Makhleb
  7055 | D:11     | Noticed a purple ugly thing
  7061 | D:11     | Killed a purple ugly thing
  7091 | D:11     | Noticed a seven-headed hydra
  7098 | D:11     | Killed a nine-headed hydra
  7227 | D:11     | Noticed a red ugly thing
  7233 | D:11     | Killed a red ugly thing
  7387 | D:11     | Found a staircase to the Orcish Mines.
  7494 | D:12     | Reached skill level 10 in Invocations
  7629 | D:12     | Noticed a four-headed hydra
  7637 | D:12     | Killed a five-headed hydra
  7667 | D:12     | Reached skill level 13 in Axes
  7687 | D:12     | Reached XP level 12. HP: 112/112 MP: 15/15
  7716 | D:12     | Reached skill level 10 in Armour
  8382 | D:12     | Found an opulent altar of Gozag.
  8466 | D:12     | Noticed Gastronok
  8478 | D:12     | Killed Gastronok
  8828 | D:13     | Noticed a vault guard
  8829 | D:13     | Noticed a vault guard
  8838 | D:13     | Reached skill level 14 in Axes
  8846 | D:13     | Killed a vault guard
  8852 | D:13     | Killed a vault guard
  8866 | D:13     | Found a gate to the Vaults.
  9379 | D:14     | Noticed Frances
  9388 | D:14     | Noticed Louise
  9391 | D:14     | HP: 1/115 [Frances/+0 glaive (7)]
  9394 | D:14     | Mangled by Frances

Levels and vault maps discovered:
D:1:      evilmike_arrival_crescent, layout_basic
D:2:      layout_loops_ring, old_standard_altar, grunt_qazlal_sundering
D:3:      layout_basic, marbit_many_paths, serial_undead, serial_undead_e,
          serial_undead_d, serial_undead_a, serial_undead_b
D:4:      old_forge, layout_loops_cross, cheibriados_altar_1,
          makhleb_heckhound_becter, minmay_temple_entry_trees, uniq_sigmund
D:5:      layout_rooms, chequers_temple_overflow_statue_of_worship,
          first_ration, hangedman_decor_lopped
D:6:      layout_gridville
D:7:      layout_basic, grunt_livestock
D:8:      layout_layer_cave, lemuel_coloured_pillars_altar,
          nicolae_dithmenos_shadow_blocks, enter_ossuary_1
D:9:      layout_irregular_city, lair_entry_dummy,
          minmay_fractal_squares_gapless_7, uniq_psyche, uniq_pikel
D:10:     layout_rooms, nicolae_looking_at_the_future
D:11:     layout_gridville, orc_0_dummy, serial_shops, nicolae_shop_statue_plus,
          enter_bailey_2
D:12:     layout_layer_cave, nicolae_gozag_seed_capital, uniq_gastronok
D:13:     layout_basic, ximxim_vaults_locker_room, drop_trap
D:14:     argonaut_augean_stables, layout_basic, tso_altar, enter_trove_5,
          uniq_louise, uniq_frances, uniq_snorg
Temple:   nicolae_temple_figure_eight

Skill      XL: |  1  2  3  4  5  6  7  8  9 10 11 12 |
---------------+-------------------------------------+-----
Fighting       | 3 4 5 6 7 8 9 |  9.4
Axes           | 3 4 5 6 8 9 11 13 14 | 14.4
Armour         | 4 5 6 7 8 9 11 | 11.0
Shields        | 4 5 6 7 |  7.2
Invocations    | 2 4 6 8 10 11 | 11.6

Action                   |  1- 3 |  4- 6 |  7- 9 | 10-12 || total
-------------------------+-------+-------+-------+-------++-------
Melee: War axe           |    61 |    96 |   344 |   392 ||   893
       Battleaxe         |       |       |       |   338 ||   338
       Headbutt          |       |       |       |    60 ||    60
Invok: Lesser Servant of |       |       |       |     4 ||     4
 Abil: Heal Wounds       |     4 |     4 |     7 |     9 ||    24
  Use: Potion            |     1 |       |       |     1 ||     2
       Scroll            |       |       |       |    16 ||    16
 Stab: Distracted        |       |       |       |     2 ||     2
  Eat: Chunk             |       |    10 |     8 |    54 ||    72
       Ration            |       |       |       |     1 ||     1
Armor: Scale mail        |    32 |    18 |       |       ||    50
       Chain mail        |       |    28 |    79 |       ||   107
       Plate armour      |       |       |    95 |   663 ||   758
Dodge: Dodged            |    21 |    27 |    78 |   235 ||   361
Block: Kite shield       |    46 |    61 |   205 |   246 ||   558

Table legend:
 A = Non-vault XP
 B = Vault XP
 C = Vault XP percentage of total XP
 D = Non-vault monster count
 E = Vault monster count
 F = Vault count percentage of total count
                 A         B        C        D         E       F
            +---------+---------+-------+---------+---------+-------
      Total |   26064 |   10664 |  29.0 |     282 |      66 |  19.0
            +---------+---------+-------+---------+---------+-------
        D:1 |       9 |       0 |   0.0 |       6 |       0 |   0.0
        D:2 |       5 |       0 |   0.0 |       1 |       0 |   0.0
        D:3 |       2 |      18 |  90.0 |       1 |       1 |  50.0
        D:4 |     146 |     709 |  82.9 |      10 |      16 |  61.5
        D:5 |     563 |       0 |   0.0 |      17 |       0 |   0.0
        D:6 |    1315 |       0 |   0.0 |      13 |       0 |   0.0
        D:7 |    1814 |    1000 |  35.5 |      31 |       5 |  13.9
        D:8 |    1894 |       0 |   0.0 |      41 |       0 |   0.0
        D:9 |    1478 |    1986 |  57.3 |      23 |       8 |  25.8
       D:10 |    2661 |     676 |  20.3 |      35 |       7 |  16.7
       D:11 |    5343 |       0 |   0.0 |      41 |       0 |   0.0
       D:12 |    5829 |    2224 |  27.6 |      33 |       1 |   2.9
       D:13 |    4873 |    3872 |  44.3 |      29 |      12 |  29.3
       D:14 |     132 |       0 |   0.0 |       1 |       0 |   0.0
    Ossuary |       0 |     179 | 100.0 |       0 |      16 | 100.0
            +---------+---------+-------+---------+---------+-------
